 Dungeon Crawl Stone Soup version 0.28.0-45-g0d030f2227 (webtiles) character file.

Game seed: 12665346178760868524

200 Saba the Bolt Thrower (level 5, -1/32 HPs)
             Began as a Gargoyle Hunter on Apr 4, 2022.
             Slain by a hobgoblin (4 damage)
             ... on level 4 of the Dungeon.
             The game lasted 00:02:50 (3324 turns).

Saba the Bolt Thrower (Gargoyle Hunter)             Turns: 3324, Time: 00:02:51

Health: -1/32      AC:  0    Str: 18    XL:     5   Next: 79%
Magic:  5/5        EV: 12    Int: 11    God:
Gold:   110        SH:  0    Dex: 10    Spells: 4/4 levels left

rFire   + . .      SeeInvis .   b - +3 dagger
rCold   + . .      Faith    .   (no shield)
rNeg    + . .      Spirit   .   c - +0 leather armour
rPois   ∞          Reflect  .   (no helmet)
rElec   +          Harm     .   (no cloak)
rCorr   +          Rampage  .   (no gloves)
Will    .....                   m - +0 pair of boots
Stlth   +.........              (no amulet)
HPRegen 0.10/turn               (no ring)
MPRegen 0.09/turn               (no ring)

@: resistant, corroded
A: sickness immunity, AC +4, negative energy resistance 1, electricity
resistance, torment resistance 1, petrification resistance
a: no special abilities


You were on level 4 of the Dungeon.
You visited 1 branch of the dungeon, and saw 4 of its levels.

You collected 110 gold pieces.

Inventory:

Hand Weapons
 a - a +1 hand crossbow
 b - a +3 dagger (weapon)
Missiles
 d - 20 bolts
Armour
 c - a +0 leather armour (worn)
 m - a +0 pair of boots (worn)
Scrolls
 h - 4 scrolls of identify {unknown}
 i - a scroll of teleportation {unknown}
 j - a scroll of blinking
 k - a scroll of summoning {unknown}
 l - a scroll of magic mapping {unknown}
Potions
 f - a potion of might {unknown}
 g - 3 potions of cancellation {unknown}
 n - 2 potions of lignification {unknown}
 o - 2 potions of mutation {unknown}
 p - a potion of brilliance {unknown}


   Skills:
 + Level 3.6 Fighting
 + Level 4.9 Crossbows
 + Level 2.6 Armour
 + Level 2.7 Dodging
 - Level 1.1 Stealth


You had 4 spell levels left.
You didn't know any spells.
Your spell library contained the following spells:

 Spells                   Type           Power      Damage    Failure   Level
 Scorch                   Fire           0%         2d5       54%         2
 Flame Wave               Conj/Fire      0%         2d4       99%         4
 Summon Cactus Giant      Summ           0%         N/A       100%        6


Dungeon Overview and Level Annotations

Branches:
Dungeon (4/15)
 Temple: D:4-7

Altars:
Gozag


Innate Abilities, Weirdness & Mutations

You are immune to sickness and miasma.
Your stone body is resilient. (AC +4)
You are immune to poison.
You resist negative energy. (rN+)
You are resistant to electric shocks. (rElec)
You are resistant to unholy torment.
You are immune to petrification.


Message History

You now have 110 gold pieces (gained 6).
Found a stone staircase leading down.
Found 2 boomerangs.
A hobgoblin is nearby!
The hobgoblin shouts!
The jelly quivers.
Found 12 gold pieces.
The jelly jiggles.
You hit the hobgoblin.
The hobgoblin is moderately wounded.
You barely miss the hobgoblin. The hobgoblin misses you.
You barely miss the hobgoblin. The hobgoblin completely misses you.
You hit the hobgoblin but do no damage. You hit the jelly.
Your hands burn!
The jelly is moderately wounded.
The hobgoblin hits you but does no damage.
You hit the jelly. The acid corrodes you!
Your hands burn!
The jelly is heavily wounded.
The jelly hits you but does no damage.
The hobgoblin hits you but does no damage.
You hit the jelly.
Your hands burn!
The jelly is severely wounded.
The jelly closely misses you.
The hobgoblin hits you but does no damage.
You hit the jelly. The acid corrodes you!
Your hands burn!
The jelly is almost dead.
The jelly misses you. The hobgoblin hits you.
You hit the jelly.
You kill the jelly!
The hobgoblin barely misses you.
You barely miss the hobgoblin. The hobgoblin barely misses you.
The hobgoblin hits you.
You hit the hobgoblin but do no damage. The hobgoblin hits you.
* * * LOW HITPOINT WARNING * * *
The hobgoblin hits you.
* * * LOW HITPOINT WARNING * * *
It was a potion of resistance.
You feel protected. The hobgoblin hits you.
You die...

## #..........#
...##....###.....
#.......# ##...
####...<# ..
###.## # ###.#
#...# ###g###
#$g@# #.### ...
.... ....# ..##
..


You could see 2 hobgoblins.

Vanquished Creatures
  A necrophage (D:2)
  A jelly (D:4)
  3 adders (D:3)
  A worm (D:2)
  A dart slug (D:2)
  An orc (D:3)
  2 endoplasms
  9 giant cockroaches
  7 goblins
  A hobgoblin (D:3)
  4 jackals
  2 quokkas
  5 ball pythons
  7 bats
  4 frilled lizards
  4 kobolds
  5 rats
58 creatures vanquished.

Notes
Turn   | Place    | Note
-------+----------+-------------------------------------------
     0 | D:1      | Saba the Gargoyle Hunter began the quest for the Orb.
     0 | D:1      | Reached XP level 1. HP: 12/12 MP: 1/1
   273 | D:1      | Reached XP level 2. HP: 18/18 MP: 2/2
   467 | D:1      | Reached skill level 1 in Armour
  1157 | D:2      | Reached XP level 3. HP: 16/22 MP: 3/3
  1281 | D:2      | Found an opulent altar of Gozag.
  1334 | D:2      | Found a faded altar of an unknown god.
  1744 | D:2      | Noticed a necrophage
  1754 | D:2      | Killed a necrophage
  1755 | D:2      | Reached XP level 4. HP: 28/28 MP: 4/4
  1924 | D:2      | Reached XP level 5. HP: 31/32 MP: 5/5
  3262 | D:4      | Noticed a phantom
  3324 | D:4      | Slain by a hobgoblin

Illustrated notes

Levels and vault maps discovered:
D:1:      wander_arrival_abandoned_jail, layout_loops_ring
D:2:      minmay_roachtagon, layout_basic, basic_altar, basic_ecumenical_altar
D:3:      minmay_razor_zed, layout_loops_ring
D:4:      layout_rooms

Skill      XL: |  1  2  3 |
---------------+----------+-----
Armour         | 1 2 |  2.6
Dodging        | 2 |  2.7
Fighting       | 3 |  3.6
Crossbows      | |  4.9
Stealth        | |  1.1

Action                   |  1- 3 |  4- 6 || total
-------------------------+-------+-------++-------
Melee: Quarterstaff      |    39 |       ||    39
       Short sword       |     7 |       ||     7
       Dagger            |    53 |   149 ||   202
       Punch             |     2 |     4 ||     6
 Fire: Hand crossbow     |     4 |       ||     4
  Use: Scroll            |     1 |       ||     1
       Potion            |       |     1 ||     1
Armor: Leather armour    |    51 |    75 ||   126
Dodge: Dodged            |    67 |   134 ||   201
